cohdb
Replays
Latest Replays
All Replays
Popular Replays
Top Player Replays
Match Explorer
How It Works
Community
CoH3 Stats
Reddit
Sign in to upload your games and track your stats! →
Sign in with Steam
Match 41247863
Unlisted
Match 41247863
Overview
Messages
Build Orders
End
Pioneer Squad
Pioneer Squad
Construct Infanterie Kompanie
Selects Mechanized Battlegroup
MG 42 Machine Gun Team
GrW 34 Mortar Team
Grenadier Squad
Construct Luftwaffe Kompanie
Selects Mobile Repair Stations
221 Scout Car
Jäger Squad
Jäger Squad
MG 42 Machine Gun Team
Selects Wespe Self-propelled Artillery
Wespe Self-propelled Artillery
Jäger Squad
Selects Raid Package
Selects 8 Rad Armored Car
Construct Panzer Kompanie
HardyStyled
Рачок-добрячок
Rei
HulkSMASH
0
0
Comments
sign in to comment!
No comments posted yet!